 Dungeon Crawl Stone Soup version 0.22-a0-855-g415d086bb8 (console) character file.

81489 Lexodia the Peltast (level 16, 0/141 HPs)
             Began as a Formicid Fighter on July 27, 2018.
             Was an Initiate of Gozag.
             Shot with an arrow by a satyr (18 damage)
             ... on level 2 of the Shoals.
             The game lasted 01:22:05 (22187 turns).

Lexodia the Peltast (Formicid Fighter)             Turns: 22187, Time: 01:22:06

Health: 0/141      AC: 20    Str: 26    XL:     16   Next: 18%
Magic:  0/16       EV:  8    Int: 15    God:    Gozag
Gold:   1307       SH: 26    Dex: 14    Spells: 15/15 levels left

rFire    + . .     SeeInvis +   H - +5 great mace (protect)
rCold    + + .     Gourm    .   u - +4 shield of Surybuih {*Slow rPois rC+ Dex+4}
rNeg     + + .     Faith    .   R - +1 plate armour "Doroupso" {rN++}
rPois    +         Spirit   +   (helmet unavailable)
rElec    .         Reflect  +   C - scarf {Spirit}
rCorr    .         Harm     .   P - +2 pair of gloves
MR       +++..                  X - +0 pair of boots of the Thirsty Dreams {rC+}
Stlth    ..........             p - +6 amulet of reflection
HPRegen  0.33/turn              a - ring "Xahuejus" {rPois MR+ Int+5}
MPRegen  0.15/turn              W - ring of Kesis {+Fly rPois rF+}

@: lethally poisoned (0 -> -12), gold aura
A: permanent stasis, dig shafts and tunnels, four strong arms, antennae 3, magic
resistance 1, MP-powered wands
a: Dig, Shaft Self, Potion Petition, Call Merchant, Bribe Branch, Renounce
Religion, Evoke Flight


You were on level 2 of the Shoals.
You worshipped Gozag.
Gozag was most pleased with you.
You were very full.

You visited 4 branches of the dungeon, and saw 22 of its levels.
You visited 1 bazaar.
You also visited: Ossuary and Ice Cave.

You collected 6884 gold pieces.
You spent 3628 gold pieces at shops.
You paid 1949 gold pieces to Gozag.

Inventory:

Hand Weapons
 c - a +2 executioner's axe of freezing
 r - a +1 whip of electrocution
 H - a +5 great mace of protection (weapon)
Armour
 u - the +4 shield of Surybuih (worn) {*Slow rPois rC+ Dex+4}
   (You bought it in a shop in a bazaar)

   It affects your dexterity (+4).
   It protects you from cold.
   It protects you from poison.
   It may slow you when you take damage.
 C - a scarf of spirit shield (worn)
 P - a +2 pair of gloves (worn)
 R - the +1 plate armour "Doroupso" (worn) {rN++}
   (You bought it in a shop in a bazaar)

   It greatly protects you from negative energy.
 X - the +0 pair of boots of the Thirsty Dreams (worn) {rC+}
   (You bought it in a shop on level 2 of the Orcish Mines)

   It protects you from cold.
Jewellery
 a - the ring "Xahuejus" (left hand) {rPois MR+ Int+5}
   (You found it on level 1 of the Shoals)

   [ring of protection from magic]

   It affects your intelligence (+5).
   It protects you from poison.
   It affects your resistance to hostile enchantments.
 h - an uncursed ring of protection from cold
 k - a +1 ring of protection
 l - an uncursed ring of fire
 p - a +6 amulet of reflection (around neck)
 s - the ring of Ymagon {rC+ EV+4}
   (You bought it in a shop on level 2 of the Orcish Mines)

   [ring of evasion]

   It affects your evasion (+4).
   It protects you from cold.
 v - an uncursed ring of fire
 w - an uncursed amulet of regeneration
 B - the ring of Doal {Wiz Dex+6}
   (You found it on level 6 of the Dungeon)

   [ring of wizardry]

   It improves your spell success rate.
   It affects your dexterity (+6).
 F - an uncursed ring of magical power
 J - an uncursed ring of resist corrosion
 L - an uncursed ring of protection from cold
 M - an uncursed ring of magical power
 S - a +5 ring of intelligence
 W - the ring of Kesis (right hand) {+Fly rPois rF+}
   (You bought it in a shop on level 2 of the Orcish Mines)

   [ring of flight]

   It protects you from fire.
   It protects you from poison.
   It lets you fly.
 Z - an uncursed amulet of magic regeneration
Wands
 n - a wand of polymorph (16)
 y - a wand of paralysis (24)
 O - a wand of disintegration (8)
 Q - a wand of enslavement (14)
 U - a wand of flame (40)
 Y - a wand of iceblast (7)
Scrolls
 e - 11 scrolls of remove curse
 i - 6 scrolls of identify
 j - a scroll of magic mapping
 q - 5 scrolls of fog
 x - 2 scrolls of enchant armour
 A - a scroll of amnesia
 E - 3 scrolls of vulnerability
 I - 5 scrolls of fear
 N - 2 scrolls of holy word
 V - a scroll of immolation
Potions
 b - a potion of cancellation
 d - a potion of might
 g - 6 potions of curing
 m - 4 potions of flight
 o - 4 potions of lignification
 z - a potion of magic
 D - 2 potions of degeneration
 K - 3 potions of mutation
 T - a potion of resistance
Comestibles
 f - 22 rations


   Skills:
 - Level 17.3 Fighting
 * Level 15.5 Maces & Flails
 + Level 9.3 Armour
 - Level 1.0 Dodging
 - Level 18.0 Shields


You had 15 spell levels left.
You didn't know any spells.
Your spell library contained the following spells:

 Spells                   Type           Power        Failure   Level  Hunger
 Cause Fear               Hex            #.........   100%        4    #####..
 Apportation              Tloc           #.....       95%         1    ##.....
 Lightning Bolt           Conj/Air       #.........   100%        5    ######.
 Summon Small Mammal      Summ           #...         95%         1    ##.....
 Animate Skeleton         Necr           N/A          95%         1    ##.....
 Summon Ice Beast         Ice/Summ       #.......     100%        4    #####..
 Call Imp                 Summ           #.......     99%         2    ###....
 Regeneration             Chrm/Necr      #.........   100%        3    ####...
 Shock                    Conj/Air       #...         95%         1    ##.....
 Swiftness                Chrm/Air       #.......     99%         2    ###....
 Deflect Missiles         Chrm/Air       #.........   100%        6    #######
 Airstrike                Air            #.........   100%        4    #####..
 Confusing Touch          Hex            #.....       95%         1    ##.....
 Call Canine Familiar     Summ           #.......     100%        3    ####...
 Silence                  Hex/Air        #.........   100%        5    ######.
 Static Discharge         Conj/Air       #.......     100%        3    ####...
 Shroud of Golubria       Chrm/Tloc      #.........   99%         2    ###....
 Infusion                 Chrm           #...         95%         1    ##.....
 Song of Slaying          Chrm           #.......     99%         2    ###....
 Spectral Weapon          Hex/Chrm       #.......     100%        3    ####...
 Discord                  Hex            #.........   100%        8    #######
 Summon Lightning Spire   Summ/Air       #.......     100%        4    #####..
 Summon Guardian Golem    Hex/Summ       #.......     100%        3    ####...
 Yara's Violent Unravell  Hex/Tmut       #.........   100%        5    ######.


Dungeon Overview and Level Annotations

Branches:
Dungeon (12/15)            Temple (0/1) D:6            Lair (6/6) D:9
 Shoals (2/4) Lair:2        Snake (0/4) Lair:3        Slime (0/5) Lair:6
    Orc (2/2) D:10            Elf (0/3) Orc:2

Altars:
Elyvilon
Gozag
Nemelex Xobeh
Qazlal
Ru
Zin

Shops:
D:5 :   D:9 :   Orc:1 [   Orc:2 [}[=[%%

Portals:
Pandemonium: Orc:2

Annotations:
D:11 exclusion: obsidian statue


Innate Abilities, Weirdness & Mutations

You cannot be hasted, slowed, berserked, paralysed or teleported.
You can dig through walls and to a lower floor.
Your four strong arms can wield two-handed weapons with a shield.
You have a pair of large antennae on your head. (SInv)
You are resistant to hostile enchantments. (MR+)
You expend magic power (3 MP) to strengthen your wands.


Message History

Unknown command.
Evoke which item? (* to show all) (? for menu, Esc to quit)
Aiming: Iceblast
Press: ? - help, Shift-Dir - straight line, f - faun, p - merfolk impaler
Aim: a faun, wielding a hunting sling (severely wounded, unusually strong)
The mass of ice explodes!
The iceblast engulfs the faun.
You kill the faun!
The iceblast engulfs the faun.
The faun is moderately wounded.
The iceblast engulfs the satyr.
The satyr is almost dead.
The iceblast engulfs the faun.
The faun is severely wounded.
The iceblast engulfs the faun.
The faun is lightly wounded.
You feel sick.
You hear a shout!
The satyr shoots an arrow.
The arrow hits you!!
You die...
Your body crumbles into a pile of gold.

$....≈≈≈≈≈≈≈≈≈P≈
....≈≈≈≈≈≈≈≈.P≈.
....≈≈≈≈≈≈≈≈..P≈
....≈≈≈≈≈≈≈≈≈P≈PPP≈P
.....≈≈≈≈≈≈m≈≈≈.P.≈P≈
P≈≈....≈≈≈≈.≈P≈≈≈≈P.≈≈P≈≈
≈≈≈≈.....≈..≈≈≈P..≈≈≈≈≈≈≈≈
≈≈≈≈.......≈(≈P.....P≈P≈≈≈≈
..≈≈≈≈.....@........P≈≈P.≈≈
..≈......m......#..≈P≈...
#......#.($..c$c.#..≈≈≈.#
%≈.....$$$#..cc((.≈≈≈≈P>###
..≈≈....(###...(.≈((≈≈≈....
≈).....#####.###.≈≈.≈≈.....
≈....## #...###.(.(≈PP...≈
≈≈.. #...$.≈≈......##.Y ...
#....≈≈≈≈..≈.≈P#


You could see a merfolk avatar, a merfolk impaler, a satyr and 3 fauns.

Vanquished Creatures
  Kirke (Shoals:1)
  Polyphemus (Shoals:2)
  The ghost of bogue1979 the Impaler, an adept MfSk of Okawaru (Shoals:1)
  An ettin (Orc:2)
  A merfolk impaler (Shoals:1)
  Fannar (D:11)
  5 hydras
  A catoblepas (Shoals:2)
  A merfolk aquamancer (Shoals:1)
  3 death yaks (Shoals:2)
  3 orc high priests (Orc:2)
  Sonja (Lair:1)
  A fire crab (Lair:5)
  2 sixfirhies (Orc:2)
  A torturous demonspawn (Orc:2)
  6 sea snakes (Shoals:1)
  8 orc knights
  2 wizards (D:10)
  5 harpies (Shoals:1)
  10 orc sorcerers
  2 ugly things (IceCv)
  The ghost of ZeKoppf the Destroyer, a novice GrCj of Hepliaklqana (D:8)
  3 oklob plants
  2 fauns
  6 manticores
  A cyclops (Orc:2)
  A torpor snail (Lair:4)
  2 merfolk sirens (Shoals:1)
  10 spiny frogs
  6 black mambas
  An orange demon (Orc:2)
  3 ice statues (IceCv)
  3 komodo dragons
  A rime drake (Lair:2)
  An ice devil (Orc:2)
  A red devil (Orc:2)
  5 trolls
  A queen bee (Lair:1)
  5 hornets (Lair:6)
  3 merfolk (Shoals:1)
  A wind drake (Shoals:1)
  4 polar bears (Lair:6)
  9 blink frogs (Lair:6)
  2 dream sheep (Lair:6)
  11 hippogriffs
  6 snapping turtles (Shoals:1)
  A ynoxinul (Orc:2)
  A wyvern (Lair:1)
  10 water elementals
  12 spriggans (Lair:6)
  4 hogs (D:7)
  22 yaks
  A human (D:7)
  A hungry ghost (D:10)
  4 basilisks
  2 wargs (Orc:1)
  Menkaure (D:7)
  A soldier ant (D:11)
  22 water moccasins
  10 porcupines
  6 ice beasts (IceCv)
  31 orc warriors
  2 sky beasts
  A phantom (D:5)
  4 black bears
  8 ogres
  4 boggarts (Lair:6)
  20 wolves
  2 necrophages
  6 centaurs
  14 crocodiles
  Blork the orc (D:6)
  14 bullfrogs
  A big kobold (D:10)
  A water moccasin zombie (D:8)
  A water moccasin skeleton (D:7)
  12 scorpions
  27 killer bees
  6 wights
  2 electric eels (D:10)
  2 howler monkeys
  A bullfrog zombie (D:10)
  3 centaur zombies (Ossuary)
  7 crimson imps
  3 hounds
  A quasit (D:10)
  A jelly (D:8)
  21 orc priests
  17 orc wizards
  3 gnoll shamans
  2 centaur skeletons
  4 iguanas
  7 worker ants
  A killer bee zombie (D:10)
  4 big kobold zombies (Ossuary)
  4 mummies
  22 adders
  13 gnolls
  4 scorpion zombies (Ossuary)
  3 worker ant zombies
  6 shadow imps
  An adder zombie (D:6)
  3 adder skeletons
  A worm (D:5)
  A leopard gecko (D:4)
  71 orcs
  5 ball pythons
  8 giant cockroaches
  2 gnoll zombies (Ossuary)
  7 goblins
  14 hobgoblins
  7 jackals
  10 kobolds
  5 quokkas
  9 bats
  A frilled lizard (D:1)
  3 goblin zombies (Ossuary)
  3 hobgoblin zombies (Ossuary)
  A jackal skeleton (D:4)
  A jackal zombie (D:5)
  2 kobold zombies (Ossuary)
  2 rats
  A fungus (D:9)
688 creatures vanquished.

Vanquished Creatures (others)
  A centaur warrior (D:8)
  2 fauns (Shoals:1)
  A human (Shoals:1)
  2 centaurs
  An orc priest (Orc:2)
  An orc (Orc:2)
  5 fungi
  19 plants
32 creatures vanquished.

Grand Total: 720 creatures vanquished

Notes
Turn   | Place    | Note
-------+----------+-------------------------------------------
     0 | D:1      | Lexodia the Formicid Fighter began the quest for the Orb.
     0 | D:1      | Reached XP level 1. HP: 18/18 MP: 1/1
   112 | D:1      | Reached XP level 2. HP: 24/24 MP: 2/2
   575 | D:1      | Reached XP level 3. HP: 29/29 MP: 3/3
  1093 | D:2      | Huge Dmg: 8 dmg
  1096 | D:2      | Reached XP level 4. HP: 21/35 MP: 4/4
  1148 | D:2      | Huge Dmg: 6 dmg
  1578 | D:2      | Reached XP level 5. HP: 41/41 MP: 5/5
  1810 | D:3      | Huge Dmg: 7 dmg
  1811 | D:3      | Huge Dmg: 6 dmg
  1825 | D:3      | Reached skill level 5 in Maces & Flails
  2380 | D:3      | Reached XP level 6. HP: 47/47 MP: 6/6
  2871 | D:4      | Reached XP level 7. HP: 52/52 MP: 7/7
  2925 | D:4      | Found an opulent altar of Gozag.
  2989 | D:4      | Became a worshipper of Gozag Ym Sagoz the Greedy
  3089 | D:4      | Reached skill level 4 in Shields
  3240 | D:4      | Found a glowing silver altar of Zin.
  3373 | D:4      | Gained mutation: You are resistant to hostile enchantments. (MR+) [potion of mutation]
  3373 | D:4      | Gained mutation: You expend magic power (3 MP) to strengthen your wands. [potion of mutation]
  3497 | D:5      | Entered Level 5 of the Dungeon
  3574 | D:5      | Reached XP level 8. HP: 60/60 MP: 8/8
  3656 | D:5      | Found a stormy altar of Qazlal.
  3739 | D:5      | Found a sand-covered staircase.
  3749 | Ossuary  | Entered an ossuary
  3776 | Ossuary  | Reached skill level 5 in Shields
  4029 | Ossuary  | Reached skill level 6 in Shields
  4206 | D:5      | Reached XP level 9. HP: 62/65 MP: 9/9
  4359 | D:5      | Found Lilesar's Book Emporium.
  4578 | D:6      | Noticed Blork the orc
  4598 | D:6      | Killed Blork the orc
  4598 | D:6      | Reached skill level 7 in Shields
  4685 | D:6      | Reached skill level 10 in Maces & Flails
  4707 | D:6      | Got a twitching lapis lazuli ring
  4712 | D:6      | Identified the ring of Doal {Wiz Dex+6} (You found it on level 6 of the Dungeon)
  4746 | D:6      | Found a staircase to the Ecumenical Temple.
  5119 | D:7      | Huge Dmg: 11 dmg
  5119 | D:7      | Reached skill level 8 in Shields
  5187 | D:7      | Noticed Menkaure
  5193 | D:7      | Killed Menkaure
  5263 | D:7      | Reached XP level 10. HP: 57/71 MP: 10/10
  5356 | D:7      | Found a sacrificial altar of Ru.
  5467 | D:7      | Reached skill level 9 in Shields
  5572 | D:7      | Found a white marble altar of Elyvilon.
  5572 | D:7      | Found a sparkling altar of Nemelex Xobeh.
  5732 | D:8      | Found a runed gate.
  5732 | D:8      | Found a runed gate.
  5732 | D:8      | Found a runed gate.
  5739 | D:8      | Found an opulent altar of Gozag.
  5739 | D:8      | Noticed ZeKoppf's ghost (novice GrCj)
  5739 | D:8      | Noticed a centaur warrior
  5742 | D:8      | Killed a centaur warrior
  5749 | D:8      | Reached skill level 10 in Shields
  5755 | D:8      | Huge Dmg: 14 dmg
  5759 | D:8      | Killed ZeKoppf's ghost
  6587 | D:9      | Reached skill level 11 in Shields
  6673 | D:9      | Found Gebbajobli's Book Emporium.
  6811 | D:5      | Bought a manual of Fighting for 1214 gold pieces
  6945 | D:9      | Reached XP level 11. HP: 78/78 MP: 11/11
  6954 | D:9      | Found a staircase to the Lair.
  6976 | D:9      | Reached skill level 5 in Fighting
  7337 | D:10     | Entered Level 10 of the Dungeon
  7471 | D:10     | Reached skill level 12 in Shields
  7568 | D:10     | Huge Dmg: 30 dmg
  7569 | D:10     | Huge Dmg: 11 dmg
  7945 | D:10     | Huge Dmg: 10 dmg
  7947 | D:10     | Huge Dmg: 11 dmg
  7948 | D:10     | Huge Dmg: 5 dmg
  8197 | D:10     | Huge Dmg: 19 dmg
  8268 | D:10     | Found a staircase to the Orcish Mines.
  8287 | D:10     | Noticed a wizard
  8289 | D:10     | Noticed an orc sorcerer
  8290 | D:10     | Huge Dmg: 27 dmg
  8304 | D:10     | Killed a wizard
  8359 | D:10     | Noticed a wizard
  8438 | D:10     | Killed a wizard
  8782 | D:10     | Noticed a sixfirhy
  8790 | D:10     | Killed an orc sorcerer
  9029 | D:10     | Reached skill level 10 in Fighting
  9070 | D:11     | Noticed an obsidian statue
  9138 | D:11     | Reached skill level 13 in Shields
  9199 | D:11     | Noticed Fannar
  9225 | D:11     | Huge Dmg: 11 dmg
  9245 | D:11     | Huge Dmg: 11 dmg
  9257 | D:11     | Killed Fannar
  9257 | D:11     | Reached XP level 12. HP: 31/99 MP: 7/12
  9454 | D:11     | Found a flickering gateway to a bazaar.
  9463 | Bazaar   | Entered a bazaar
  9471 | Bazaar   | Found Votutyok's Antique Weapon Shoppe.
  9484 | Bazaar   | Found Xinaar's Antique Weapon Emporium.
  9499 | Bazaar   | Found Qexkeviu's Antique Armour Emporium.
  9510 | Bazaar   | Found Neykax's Antique Armour Shoppe.
  9527 | Bazaar   | Bought a dazzling shield for 199 gold pieces
  9527 | Bazaar   | Bought a transparent plate armour for 588 gold pieces
  9537 | Bazaar   | Identified the +4 shield of Surybuih {*Slow rPois rC+ Dex+4} (You bought it in a shop in a bazaar)
  9547 | Bazaar   | Identified the cursed +1 plate armour "Doroupso" {rN++} (You bought it in a shop in a bazaar)
 10187 | Lair:1   | Entered Level 1 of the Lair of Beasts
 10320 | Lair:1   | Noticed Sonja
 10360 | Lair:1   | Killed Sonja
 10457 | Lair:1   | Reached skill level 14 in Shields
 10828 | Lair:1   | Huge Dmg: 13 dmg
 11276 | Lair:2   | Found a staircase to the Shoals.
 11310 | Lair:2   | You fall through a shaft!
 11373 | Lair:3   | Found a staircase to the Snake Pit.
 11444 | Lair:3   | Reached skill level 15 in Shields
 11493 | Lair:3   | Noticed a seven-headed hydra
 11504 | Lair:3   | Killed a seven-headed hydra
 11504 | Lair:3   | Reached XP level 13. HP: 91/113 MP: 5/13
 11526 | Lair:3   | Found a frozen archway.
 11570 | IceCv    | Entered an ice cave
 11631 | IceCv    | Reached skill level 15 in Fighting
 12134 | Lair:3   | Noticed a four-headed hydra
 12149 | Lair:3   | Killed a four-headed hydra
 12204 | Lair:3   | Reached skill level 16 in Shields
 13063 | Lair:4   | Noticed a six-headed hydra
 13079 | Lair:4   | Killed a six-headed hydra
 13424 | Lair:5   | Noticed a five-headed hydra
 13432 | Lair:5   | Killed a five-headed hydra
 13621 | Lair:5   | Huge Dmg: 31 dmg
 13952 | Lair:6   | Entered Level 6 of the Lair of Beasts
 14134 | Lair:6   | Noticed an eight-headed hydra
 14350 | Lair:6   | Killed an eight-headed hydra
 14350 | Lair:6   | Reached XP level 14. HP: 82/124 MP: 8/14
 14404 | Lair:6   | Reached skill level 17 in Shields
 14573 | Lair:6   | Huge Dmg: 14 dmg
 14579 | Lair:6   | Huge Dmg: 18 dmg
 14612 | Lair:6   | Huge Dmg: 7 dmg
 14614 | Lair:6   | Huge Dmg: 18 dmg
 14623 | Lair:6   | Huge Dmg: 7 dmg
 14624 | Lair:6   | Huge Dmg: 9 dmg
 14627 | Lair:6   | Huge Dmg: 4 dmg
 14749 | Lair:6   | Huge Dmg: 9 dmg
 15580 | Lair:6   | Found a staircase to the Slime Pits.
 16180 | Lair:2   | Reached skill level 18 in Shields
 16840 | Orc:1    | Entered Level 1 of the Orcish Mines
 17417 | Orc:1    | Reached skill level 1 in Dodging
 17606 | Orc:1    | Found Bileig's Antique Armour Shop.
 17683 | Orc:2    | Entered Level 2 of the Orcish Mines
 17720 | Orc:2    | Huge Dmg: 56 dmg
 17727 | Orc:2    | Huge Dmg: 29 dmg
 18220 | Orc:2    | Reached skill level 5 in Armour
 18780 | Orc:2    | Huge Dmg: 13 dmg
 18832 | Orc:2    | Found Zues's Food Shoppe.
 18837 | Orc:2    | Found Bimuhut's Food Emporium.
 18915 | Orc:2    | Huge Dmg: 16 dmg
 18920 | Orc:2    | Huge Dmg: 14 dmg
 18921 | Orc:2    | Huge Dmg: 15 dmg
 18923 | Orc:2    | Reached XP level 15. HP: 30/134 MP: 6/15
 19590 | Orc:2    | Found a staircase to the Elven Halls.
 19649 | Orc:2    | Huge Dmg: 26 dmg
 19698 | Orc:2    | Huge Dmg: 21 dmg
 19699 | Orc:2    | Huge Dmg: 9 dmg
 19702 | Orc:2    | Huge Dmg: 10 dmg
 19706 | Orc:2    | Huge Dmg: 8 dmg
 19709 | Orc:2    | Huge Dmg: 14 dmg
 20210 | Orc:2    | Huge Dmg: 28 dmg
 20471 | Orc:2    | Found Keysoaw's Gadget Boutique.
 20471 | Orc:2    | Found a one-way gate leading to the halls of Pandemonium.
 20471 | Orc:2    | Found Fiuzxeby's Antique Armour Shop.
 20506 | Orc:2    | Bought the ring of Ymagon {rC+ EV+4} for 750 gold pieces
 20506 | Orc:2    | Bought the ring of Kesis {+Fly rPois rF+} for 535 gold pieces
 20508 | Orc:2    | Bought a pair of brightly glowing boots for 342 gold pieces
 20513 | Orc:2    | Identified the +0 pair of boots of the Thirsty Dreams {rC+} (You bought it in a shop on level 2 of the Orcish Mines)
 20793 | Shoals:1 | Entered Level 1 of the Shoals
 21168 | Shoals:1 | Huge Dmg: 16 dmg
 21273 | Shoals:1 | Huge Dmg: 18 dmg
 21274 | Shoals:1 | Huge Dmg: 15 dmg
 21275 | Shoals:1 | Huge Dmg: 16 dmg
 21876 | Shoals:1 | Noticed Kirke
 21893 | Shoals:1 | Killed Kirke
 21893 | Shoals:1 | Reached skill level 15 in Maces & Flails
 21905 | Shoals:1 | Found a runed door.
 21905 | Shoals:1 | Noticed bogue1979's ghost (adept MfSk)
 21940 | Shoals:1 | Killed bogue1979's ghost
 21949 | Shoals:1 | Reached XP level 16. HP: 97/141 MP: 13/16
 21959 | Shoals:1 | Got a vibrating lapis lazuli ring
 21961 | Shoals:1 | Identified the ring "Xahuejus" {rPois MR+ Int+5} (You found it on level 1 of the Shoals)
 22109 | Shoals:2 | Noticed Polyphemus
 22157 | Shoals:2 | Killed Polyphemus
 22182 | Shoals:2 | Huge Dmg: 17 dmg
 22183 | Shoals:2 | HP: 7/141 [satyr/arrow (13)]
 22184 | Shoals:2 | Huge Dmg: 12 dmg
 22185 | Shoals:2 | Huge Dmg: 2 dmg
 22187 | Shoals:2 | Shot with an arrow by a satyr

Vault maps used:
D:1:      lightli_arrival_boilingwater
D:4:      grunt_gozag_statues, kennysheep_mini_moat, first_ration,
          corexii_item_surrounded_by_moat, serial_bayou_crossing
D:5:      serial_shops, shop, gup_ossuary_entry_pyramid, grunt_qazlal_clouds
D:6:      lemuel_ice_spiral_2, minmay_temple_entry_mist, uniq_blork_the_orc
D:7:      gammafunk_temple_overflow_wave, basic_altar, hangedman_decor_growths,
          grunt_livestock, grunt_ministairs_10, uniq_menkaure
D:8:      ebering_ghost_gozag
D:9:      due_lair_maze_entry_diamond, serial_shops, shop
D:10:     cheibrodos_wizards_tower, orc_0_dummy
D:11:     serial_shops, bzr_entry_customers, minivault_16, moated_statue,
          uniq_fannar
D:12:     centaur_isle
Lair:1:   special_room, beast_lair_carwin_2, grunt_megastairs_4, uniq_sonja
Lair:2:   minmay_shoals_entry_centaurs, beast_lair_carwin_7
Lair:3:   minmay_snake_entry_six_corridors, portal_ice_cave_entry_pillars_2,
          minivault_11, serial_bayou_shore_a
Lair:5:   grunt_megastairs_2
Lair:6:   minmay_lair_end_enchanted_forest, dpeg_slime_entry_corner,
          minmay_lair_oklob_chamber
Shoals:1: gammafunk_ghost_grave, nicolae_shoals_water_elemental_grotto,
          uniq_kirke
Shoals:2: serial_shops, nicolae_shop_crystal, uniq_aizul, uniq_polyphemus
Orc:1:    serial_shops, nicolae_shop_behind_doors
Orc:2:    pf_orc_diabolical
Bazaar:   bazaar_minmay_armour_weapon
Ossuary:  ossuary_minmay_scorpions
IceCv:    ice_cave_statue_garden_chambered

Skill      XL: |  1  2  3  4  5  6  7  8  9 10 11 12 13 14 15 16 |
---------------+-------------------------------------------------+-----
Maces & Flails | 3 4 5 7 9 11 12 13 15 | 15.5
Shields        | 4 6 8 11 13 15 16 18 | 18.0
Fighting       | 4 11 14 16 17 | 17.3
Armour         | 4 5 8 9 |  9.3
Dodging        | 1 |  1.0

Action                   |  1- 3 |  4- 6 |  7- 9 | 10-12 | 13-15 | 16-18 || total
-------------------------+-------+-------+-------+-------+-------+-------++-------
Melee: Flail             |   124 |   116 |       |       |       |       ||   240
       Whip              |       |    66 |   455 |  1001 |  1259 |       ||  2781
       Dire flail        |       |       |       |       |    85 |       ||    85
       Great mace        |       |       |       |       |   481 |    56 ||   537
Invok: Call Merchant     |       |       |       |       |     3 |       ||     3
       Potion Petition   |       |       |       |       |       |     1 ||     1
 Abil: Dig               |     1 |       |     4 |     8 |     8 |       ||    21
Evoke: Wand              |       |       |       |     9 |     8 |     2 ||    19
  Use: Scroll            |     2 |       |    10 |     3 |    13 |       ||    28
       Potion            |       |       |     2 |     7 |    13 |     7 ||    29
 Stab: Distracted        |       |       |       |     4 |     9 |       ||    13
       Invisible         |       |       |       |     1 |       |       ||     1
  Eat: Chunk             |     1 |     6 |       |       |       |       ||     7
       Ration            |       |       |     4 |     6 |    14 |       ||    24
Armor: Scale mail        |    65 |    75 |    52 |       |       |       ||   192
       Plate armour      |       |       |     2 |   129 |   353 |    29 ||   513
       Skin              |       |       |       |       |     1 |     7 ||     8
Dodge: Dodged            |    43 |    41 |    37 |    84 |   199 |     8 ||   412
Block: Shield            |    87 |    89 |   244 |   614 |  1611 |    93 ||  2738
       Reflection        |       |       |    11 |    12 |    42 |    14 ||    79

Table legend:
 A = Spawn XP
 B = Non-spawn XP
 C = Spawn XP percentage of total XP
 D = Spawn monster count
 E = Non-spawn monster count
 F = Spawn count percentage of total count
 G = Total turns spent on level
                    A         B        C        D         E        F      G
               +---------+---------+-------+---------+---------+-------+---------
         Total |       0 |  116414 |   0.0 |       0 |     694 |   0.0 | 22187
               +---------+---------+-------+---------+---------+-------+---------
           D:1 |       0 |      35 |   0.0 |       0 |      20 |   0.0 |   868
           D:2 |       0 |     114 |   0.0 |       0 |      15 |   0.0 |   910
           D:3 |       0 |     236 |   0.0 |       0 |      35 |   0.0 |   994
           D:4 |       0 |     485 |   0.0 |       0 |      16 |   0.0 |   725
           D:5 |       0 |     647 |   0.0 |       0 |      15 |   0.0 |   625
           D:6 |       0 |     484 |   0.0 |       0 |      12 |   0.0 |   450
           D:7 |       0 |    2210 |   0.0 |       0 |      32 |   0.0 |   695
           D:8 |       0 |    2527 |   0.0 |       0 |      27 |   0.0 |  1015
           D:9 |       0 |    2096 |   0.0 |       0 |      29 |   0.0 |   795
          D:10 |       0 |    3612 |   0.0 |       0 |      35 |   0.0 |  1782
          D:11 |       0 |    3997 |   0.0 |       0 |      42 |   0.0 |  1011
        Lair:1 |       0 |    5295 |   0.0 |       0 |      37 |   0.0 |  1160
        Lair:2 |       0 |    4041 |   0.0 |       0 |      19 |   0.0 |  1038
        Lair:3 |       0 |    7684 |   0.0 |       0 |      37 |   0.0 |   980
        Lair:4 |       0 |    4226 |   0.0 |       0 |      15 |   0.0 |   831
        Lair:5 |       0 |    3268 |   0.0 |       0 |      10 |   0.0 |   815
        Lair:6 |       0 |   17115 |   0.0 |       0 |      75 |   0.0 |  1643
      Shoals:1 |       0 |   23511 |   0.0 |       0 |      46 |   0.0 |  1312
      Shoals:2 |       0 |    6687 |   0.0 |       0 |       8 |   0.0 |    82
         Orc:1 |       0 |    4556 |   0.0 |       0 |      44 |   0.0 |   879
         Orc:2 |       0 |   19946 |   0.0 |       0 |      84 |   0.0 |  2609
       Ossuary |       0 |     785 |   0.0 |       0 |      30 |   0.0 |   437
         IceCv |       0 |    2857 |   0.0 |       0 |      11 |   0.0 |   433
               +---------+---------+-------+---------+---------+-------+---------
